 Dungeon Crawl Stone Soup version 0.30-a0-883-g5ad918d77d (webtiles) character file.

Game seed: 10438901208974981826

183 cheesebisquit the Grave Robber (level 5, 0/40 HPs)
             Began as a Ghoul Necromancer on Mar 18, 2023.
             Slain by a phantom (5 damage)
             ... on level 3 of the Dungeon.
             The game lasted 00:19:30 (4409 turns).

cheesebisquit the Grave Robber (Ghoul Necromancer)  Turns: 4409, Time: 00:19:31

Health: 0/40       AC:  6    Str: 12    XL:     5   Next: 62%
Magic:  8/8        EV: 10    Int: 12    God:
Gold:   282        SH:  5    Dex:  9    Spells: 1/9 levels left

rFire   . . .      SeeInvis .    d - +0 hand axe
rCold   + . .      Faith    .    (no shield)
rNeg    + + +      Spirit   .    b - +0 ring mail
rPois   ∞          Reflect  +    (no helmet)
rElec   .          Rampage  .    (no cloak)
rCorr   .                        (no gloves)
Will    +....                    g - +0 pair of boots
Stlth   +                        z - amulet of reflection
HPRegen 0.00/turn                u - ring of willpower
MPRegen 0.11/turn                (no ring)

@: inhibited regen
A: claws 1, cold resistance 1, negative energy resistance 3, inhibited
regeneration, torment resistance 2, devour on kill
a: no special abilities


You were on level 3 of the Dungeon.
You visited 1 branch of the dungeon, and saw 4 of its levels.

You collected 282 gold pieces.

Inventory:

Hand Weapons
 d - a +0 hand axe (weapon)
 k - a +0 dagger
Missiles
 i - 36 stones
 q - 7 poisoned darts (quivered)
Armour
 a - a +0 robe
 b - a +0 ring mail (worn)
 g - a +0 pair of boots (worn)
Jewellery
 c - an amulet of faith
 u - a ring of willpower (left claw)
 z - an amulet of reflection (around neck)
Wands
 f - a wand of polymorph (11)
Scrolls
 o - a scroll of poison {unknown}
 r - a scroll of enchant armour {unknown}
 v - a scroll of vulnerability {unknown}
 w - 2 scrolls of amnesia
 x - a scroll of noise
 y - a scroll of silence {unknown}
Potions
 e - a potion of flight
 h - 2 potions of lignification


   Skills:
 + Level 1.4 Fighting
 - Level 1.7 Dodging
 - Level 2.1 Stealth
 + Level 2.9 Spellcasting
 * Level 5.8 Necromancy


You had one spell level left.
You knew the following spells:

 Your Spells              Type           Power      Damage    Failure   Level
a - Necrotise             Necr           60%        1d7       5%          1
b - Vampiric Draining     Necr           15%        2d7       16%         3
c - Animate Dead          Necr           15%        N/A       45%         4

Your spell library contained the following spells:

 Spells                   Type           Power      Damage    Failure   Level
 Agony                    Necr           15%        N/A       82%         5


Dungeon Overview and Level Annotations

Branches:
Dungeon (4/15)
 Temple: D:4-7

Altars:

Shops:
D:4 (

Annotations:
D:4 Menkaure


Innate Abilities, Weirdness & Mutations

You are immune to poison.
You have sharp fingernails.
Your flesh is cold resistant. (rC+)
You are immune to negative energy. (rN+++)
You do not regenerate when monsters are visible.
You are immune to unholy pain and torment.
You thrive by killing the living.


Message History

The phantom closely misses you.
You miss the phantom.
The phantom is moderately damaged.
The phantom hits you but does no damage.
You barely miss the phantom.
The phantom is moderately damaged.
The phantom hits you.
The phantom blinks!
You blink.
The phantom completely misses you.
Okay, then.
You are too injured to fight recklessly!
You are too injured to fight recklessly!
You are too injured to fight recklessly!
You hit the phantom.
The phantom is moderately damaged.
The phantom hits you.
You barely miss the phantom.
The phantom is moderately damaged.
The phantom hits you.
* * * LOW HITPOINT WARNING * * *
The phantom blinks!
You blink.
You barely miss the phantom.
The phantom is moderately damaged.
The phantom hits you but does no damage.
The phantom closely misses you.
You hit the phantom.
The phantom is heavily damaged.
The phantom hits you.
* * * LOW HITPOINT WARNING * * *
You miss the phantom.
The phantom is heavily damaged.
You block the phantom's attack.
You hit the phantom but do no damage.
The phantom is heavily damaged.
The phantom hits you but does no damage.
You barely miss the phantom.
The phantom is heavily damaged.
The phantom hits you.
* * * LOW HITPOINT WARNING * * *
The phantom hits you.
You die...

# ##.# #......#### # #.#
#.......... ########.########
###.(##......
................#####.......#.###
########.######....#.......##.#
##.....#.....##..........).#
##.............#....(......##
#...................(......####
#...[..)......@.#.............#
#............W..#...<.....###..
#...............#.........# ###
#...............#.........# #
#...............#.........#
##.............##.........#
##.....#.....###.........#
############# ##.......##
##.....##


You could see a phantom.

Vanquished Creatures
  A scorpion (D:3)
  3 adders (D:2)
  An ufetubus (D:4)
  A worm (D:2)
  2 dart slugs
  13 endoplasms
  4 giant cockroaches
  5 hobgoblins
  7 quokkas
  12 ball pythons
  5 bats
  2 frilled lizards
  3 goblins
  7 kobolds
  4 rats
70 creatures vanquished.

Vanquished Creatures (collateral kills)
  An adder (D:3)
  4 ball pythons
5 creatures vanquished.

Vanquished Creatures (others)
  2 ball python zombies (D:4)
  6 plants (D:3)
8 creatures vanquished.

Grand Total: 83 creatures vanquished

Notes
Turn   | Place    | Note
-------+----------+-------------------------------------------
     0 | D:1      | cheesebisquit the Ghoul Necromancer began the quest for the
                  | Orb.
     0 | D:1      | Reached XP level 1. HP: 14/14 MP: 2/2
   242 | D:1      | Reached XP level 2. HP: 20/20 MP: 1/3
   867 | D:1      | Reached XP level 3. HP: 26/26 MP: 3/5
  1389 | D:2      | Reached skill level 5 in Necromancy
  1657 | D:2      | Reached XP level 4. HP: 33/33 MP: 2/6
  2285 | D:3      | Noticed a scorpion
  2716 | D:2      | Learned a level 3 spell: Vampiric Draining
  2721 | D:2      | Learned a level 4 spell: Animate Dead
  3205 | D:3      | Killed a scorpion
  3206 | D:3      | Reached skill level 1 in Fighting
  3206 | D:3      | Reached XP level 5. HP: 33/40 MP: 5/8
  3313 | D:4      | Noticed Menkaure
  3722 | D:4      | Found Noena's Antique Weapon Boutique.
  3926 | D:4      | Noticed a phantom
  4409 | D:3      | Slain by a phantom

Illustrated notes

Levels and vault maps discovered:
D:1:      evilmike_arrival_home_sweet_home, layout_loops_ring
D:2:      layout_rooms
D:3:      layout_rooms, wad_floor_pattern_untrapped, minmay_shallow_snake_nest
D:4:      layout_rooms, kennysheep_pointless_box, nicolae_inconvenience_store,
          chequers_serial_rivers_micro_c, uniq_menkaure

Skill      XL: |  1  2  3  4 |
---------------+-------------+-----
Spellcasting   | 2 |  2.9
Necromancy     | 5 |  5.8
Fighting       | 1 |  1.4
Dodging        | |  1.7
Stealth        | |  2.1

Action                     |  1- 3 |  4- 6 || total
---------------------------+-------+-------++-------
  Melee: Unarmed           |    18 |       ||    18
         Dagger            |    18 |    37 ||    55
         Hand axe          |       |    19 ||    19
  Throw: Dart              |       |    11 ||    11
         Stone             |       |     2 ||     2
         Throwing net      |       |     1 ||     1
   Cast: Necrotise         |    76 |    91 ||   167
         Animate Dead      |       |     1 ||     1
    Use: Scroll            |       |    14 ||    14
         Potion            |       |     9 ||     9
 Armour: Robe              |     9 |    24 ||    33
         Ring mail         |       |     4 ||     4
  Dodge: Dodged            |    29 |   122 ||   151
  Block: Other             |       |    42 ||    42
         Reflection        |       |     1 ||     1

Table legend: (Time is in decaauts)
 A = Elapsed time spent in this place.
 B = Non-inter-level travel time spent in this place.
 C = Inter-level travel time spent in this place.
 D = Time resting spent in this place.
 E = Time spent auto-exploring this place.
 F = Levels seen in this place.
 G = Mean time per level.
                   A        B        C        D        E       F      G
               +--------+--------+--------+--------+--------+-----+--------+
         Total |   4416 |   4234 |    182 |    350 |   3097 |   4 | 1104.0 |
       Dungeon |   4416 |   4234 |    182 |    350 |   3097 |   4 | 1104.0 |
               +--------+--------+--------+--------+--------+-----+--------+

Top non-repeatable levels by time:
     D:2: 1579 daAuts
     D:1: 1348 daAuts
     D:3: 792 daAuts
     D:4: 696 daAuts
